 Dungeon Crawl Stone Soup version 0.23.1 (webtiles) character file.

Game seed: 16889422489124817044

541 Rampage the Stinger (level 7, -2/43 HPs)
             Began as an Octopode Venom Mage on Mar 16, 2019.
             Slain by a phantom (6 damage)
             ... on level 4 of the Dungeon.
             The game lasted 00:16:01 (4361 turns).

Rampage the Stinger (Octopode Venom Mage)           Turns: 4361, Time: 00:16:02

Health: -2/43      AC:  4    Str:  7    XL:     7   Next: 26%
Magic:  2/11       EV: 13    Int: 17    God:
Gold:   137        SH:  6    Dex: 15    Spells: 2/12 levels left

rFire    . . .     SeeInvis .   a - +2 short sword (flame)
rCold    . . .     Gourm    .   p - +2 buckler {AC+3}
rNeg     . . .     Faith    .   (helmet restricted)
rPois    .         Spirit   .   (no amulet)
rElec    .         Reflect  .   (no ring)
rCorr    .         Harm     .   (no ring)
MR       .....                  (no ring)
Stlth    ++++......             (no ring)
HPRegen  0.14/turn              (no ring)
MPRegen  0.12/turn              (no ring)
                                (no ring)
                                (no ring)

@: very slightly contaminated
A: almost no armour, stealthy swim, amphibious, 8 rings, constrict 8, camouflage
1, gelatinous body 1
a: no special abilities


You were on level 4 of the Dungeon.
You were not hungry.

You visited 1 branch of the dungeon, and saw 4 of its levels.
You also visited: Sewer.

You collected 137 gold pieces.

Inventory:

Hand Weapons
 a - a +2 short sword of flaming (weapon)
 e - a +0 club
 o - a +0 quarterstaff of draining
 q - a +0 spear
Missiles
 i - a throwing net (quivered)
Armour
 p - a +2 buckler of protection (worn)
Magical Staves
 m - an uncursed staff of earth
Jewellery
 f - an uncursed amulet of guardian spirit {unknown}
Scrolls
 g - 2 scrolls of fog {unknown}
 h - 3 scrolls of magic mapping {unknown}
 n - a scroll of remove curse
 r - 3 scrolls of immolation
 x - a scroll of fear
Potions
 c - a potion of haste
 d - a potion of flight
 j - 2 potions of heal wounds {unknown}
 k - a potion of agility {unknown}
 l - a potion of lignification {unknown}
 s - 3 potions of curing
 t - a potion of brilliance {unknown}
 u - 2 potions of might {unknown}
 v - 2 potions of magic {unknown}
Comestibles
 b - 4 rations


   Skills:
 + Level 1.6 Fighting
 + Level 2.2 Short Blades
 + Level 1.1 Polearms
 + Level 2.9 Dodging
 - Level 4.5 Stealth
 + Level 0.6 Shields
 + Level 3.0 Spellcasting
 + Level 1.0 Conjurations
 * Level 3.4 Air Magic
 + Level 5.2 Poison Magic


You had 2 spell levels left.
You knew the following spells:

 Your Spells              Type           Power        Failure   Level  Hunger
a - Sting                 Conj/Pois      ##..         8%          1    None
b - Poisonous Vapours     Pois/Air       ###...       7%          2    ##.....
c - Mephitic Cloud        Conj/Pois/Air  ##......     22%         3    ###....
d - Olgreb's Toxic Radia  Pois           ###.....     30%         4    ####...

Your spell library contained the following spells:

 Spells                   Type           Power        Failure   Level  Hunger
 Venom Bolt               Conj/Pois      ##........   90%         5    ######.


Dungeon Overview and Level Annotations

Branches:
Dungeon (4/15)
 Temple: D:4-7

Altars:


Innate Abilities, Weirdness & Mutations

You cannot wear most types of armour.
You are very stealthy in the water. (Stealth+)
You are amphibious.
You can wear up to eight rings at the same time.
You can use your tentacles to constrict eight enemies at once.
Your skin changes colour to match your surroundings (Stealth+).
Your rubbery body absorbs attacks. (AC +1, EV +1)


Message History

The giant cockroach closely misses you.
The ogre is engulfed in poison gas.
The ogre is poisoned.
Casting: Poisonous Vapours (safe; 7% risk of failure)
Confirm with . or Enter, or press ? or * to list all spells.
Aiming: Poisonous Vapours (safe; 7% risk of failure)
Press: ? - help, Dir - move target cursor, f/p - ogre
Aim: an ogre, wielding a +0 giant club (lightly wounded, poisoned) Poisonous vapours surround the ogre!
The giant cockroach barely misses you. The phantom hits you!
* * * LOW HITPOINT WARNING * * *
The giant cockroach barely misses you.
The giant cockroach completely misses you.
The giant cockroach waves its antennae.
The giant cockroach bites you but does no damage.
As you read the scroll of fear, it crumbles to dust.
You assume a fearsome visage.
The giant cockroach looks frightened! x2
The phantom is unaffected.
The ogre looks frightened!
The phantom blinks!
The ogre looks more healthy.
The phantom blinks!
The phantom hits you.
You die...

...........#####
...............#
...............#
.........O.....#
...............####
............s....#
................#
...###.........# ..
#....@....#
#.....W...#
####.........#
#............#
#............#
#s...........#
####.........#
#.........#
#.........#


You could see a phantom, an ogre (fleeing) and 2 giant cockroaches.

Vanquished Creatures
  Eustachio (D:4)
  2 bullfrogs (Sewer)
  An orc priest (D:3)
  2 orc wizards
  8 adders (Sewer)
  3 river rats
  An ooze (Sewer)
  A worm (D:3)
  A dart slug (D:3)
  3 leopard geckos
  2 orcs
  5 giant cockroaches
  11 goblins
  4 hobgoblins
  8 kobolds
  A quokka (D:2)
  9 ball pythons (Sewer)
  6 bats
  3 frilled lizards
  A leopard gecko skeleton (D:2)
  33 rats
  A plant (D:1)
107 creatures vanquished.

Vanquished Creatures (others)
  A plant (D:2)
1 creature vanquished.

Grand Total: 108 creatures vanquished

Notes
Turn   | Place    | Note
-------+----------+-------------------------------------------
     0 | D:1      | Rampage the Octopode Venom Mage began the quest for the
                  | Orb.
     0 | D:1      | Reached XP level 1. HP: 11/11 MP: 3/3
   387 | D:1      | Reached XP level 2. HP: 17/17 MP: 5/5
   736 | D:1      | Reached skill level 4 in Poison Magic
   810 | D:1      | Learned a level 2 spell: Poisonous Vapours
  1565 | D:2      | Reached XP level 3. HP: 21/21 MP: 6/6
  1704 | D:2      | Found a faded altar of an unknown god.
  2338 | D:2      | Reached skill level 1 in Air Magic
  2713 | D:3      | Reached skill level 1 in Polearms
  2713 | D:3      | Reached XP level 4. HP: 27/27 MP: 0/7
  2819 | D:3      | Reached XP level 5. HP: 11/32 MP: 3/8
  2971 | D:3      | Found a glowing drain.
  2976 | Sewer    | Entered a sewer
  3353 | Sewer    | Reached skill level 1 in Short Blades
  3547 | Sewer    | Reached skill level 1 in Fighting
  3563 | Sewer    | Reached XP level 6. HP: 38/38 MP: 6/9
  4003 | Sewer    | Reached skill level 5 in Poison Magic
  4273 | D:3      | Learned a level 3 spell: Mephitic Cloud
  4278 | D:3      | Learned a level 4 spell: Olgreb's Toxic Radiance
  4324 | D:4      | Noticed Eustachio
  4333 | D:4      | Killed Eustachio
  4333 | D:4      | Reached XP level 7. HP: 10/43 MP: 3/11
  4352 | D:4      | HP: 2/43 [phantom (10)]
  4361 | D:4      | Slain by a phantom

Skill      XL: |  1  2  3  4  5  6 |
---------------+-------------------+-----
Stealth        | 3 4 |  4.5
Poison Magic   | 4 5 |  5.2
Air Magic      | 1 2 3 |  3.4
Polearms       | 1 |  1.1
Short Blades   | 1 2 |  2.2
Fighting       | 1 |  1.6
Spellcasting   | 3 |  3.0
Dodging        | |  2.9
Shields        | |  0.6
Conjurations   | |  1.0

Action                   |  1- 3 |  4- 6 |  7- 9 || total
-------------------------+-------+-------+-------++-------
Melee: Unarmed           |     9 |       |       ||     9
       Constrict         |    17 |    25 |       ||    42
       Tentacles         |    11 |    11 |       ||    22
       Club              |     7 |       |       ||     7
       Spear             |    84 |       |       ||    84
       Short sword       |    19 |    97 |       ||   116
 Cast: Sting             |     5 |       |       ||     5
       Poisonous Vapours |     6 |    31 |     2 ||    39
  Use: Scroll            |     2 |    10 |     1 ||    13
       Potion            |       |     2 |       ||     2
 Stab: Sleeping          |    16 |     6 |       ||    22
  Eat: Chunk             |     5 |     8 |       ||    13
Armor: Skin              |     5 |    19 |     1 ||    25
Dodge: Dodged            |    41 |    50 |     5 ||    96
Block: Buckler           |       |    20 |     2 ||    22
